 Dungeon Crawl Stone Soup version 0.31-a0-167-g1c394c0614 (webtiles) character file.

Game seed: 1704099679779658182

511 qw the Shooter (level 7, -1/64 HPs)
             Began as a Naga Hunter on June 14, 2023.
             Was an Initiate of Okawaru.
             Splashed by a jelly's acid (6 damage)
             ... on level 5 of the Dungeon.
             The game lasted 00:01:26 (3779 turns).

qw the Shooter (Naga Hunter)                        Turns: 3779, Time: 00:01:27

Health: -1/64      AC:  7    Str: 19    XL:     7   Next: 19%
Magic:  7/7        EV:  8    Int:  9    God:    Okawaru [......]
Gold:   115        SH:  0    Dex: 17    Spells: 6/6 levels left

rFire   + . .        Y - +0 shortbow
rCold   . . .        (shield currently unavailable)
rNeg    . . .        c - +0 leather armour
rPois   +            l - +2 helmet {SInv}
rElec   .            (no cloak)
rCorr   .            (no gloves)
SInv    +            e - +0 barding {rC+}
Will    +++..        (no amulet)
Stlth   ++           n - ring "Nerphetz" {Fire Contam *Slow Fly Will+++}
HPRegen 0.30/turn    i - +6 ring of strength
MPRegen 0.10/turn

%: slow self (1%)
@: corroded, flying, very slow
A: AC +2, large, see invisible, deformed body, poison resistance, slowness 2,
spit poison 1, naga tail 1
a: Spit Poison, Renounce Religion


You were on level 5 of the Dungeon.
You worshipped Okawaru.
Okawaru was noncommittal.
You visited 2 branches of the dungeon, and saw 6 of its levels.

You collected 115 gold pieces.


Innate Abilities, Weirdness & Mutations

Your serpentine skin is tough. (AC +2)
You have supernaturally acute eyesight. (SInv)
Armour fits poorly on your strangely shaped body.
Your system is resistant to poisons. (rPois)
You cover ground very slowly.
You can spit poison.
You have a snake-like lower body.


   Skills:
 - Level 4.0 Fighting
 + Level 6.6 Ranged Weapons
 - Level 1.0 Armour
 - Level 2.0 Dodging
 - Level 1.5 Stealth


You had 6 spell levels left.
You didn't know any spells.
Your spell library was empty.

Inventory:

Hand Weapons
 Y - a +0 shortbow (weapon)
Armour
 c - a +0 leather armour (worn)
 e - a +0 barding of cold resistance (worn)
 l - a +2 helmet of see invisible (worn)
Jewellery
 g - a ring of positive energy
 i - a +6 ring of strength (right hand)
 n - the ring "Nerphetz" (left hand) {Fire Contam *Slow Fly Will+++}
   (You found it on level 3 of the Dungeon)

   [ring of fire]

   It enhances your fire magic.
   rF:        It protects you from fire.
   rC:        It makes you vulnerable to cold.
   Fly:       It grants you flight.
   Contam:    It causes magical contamination when unequipped.
   *Slow:     It may slow you when you take damage.
   Will:      It greatly increases your willpower.
Scrolls
 f - a scroll of noise {unknown}
 k - a scroll of identify
Potions
 a - a potion of curing
 b - a potion of cancellation
 d - a potion of degeneration {unknown}
 h - a potion of heal wounds {unknown}
 j - a potion of enlightenment {unknown}
 m - a potion of berserk rage {unknown}

Dungeon Overview and Level Annotations

Branches:
Dungeon (5/15)             Temple (1/1) D:4

Altars:
Ashenzari
Cheibriados
Dithmenos
Elyvilon
Fedhas
Hepliaklqana
Kikubaaqudgha
Makhleb
Nemelex Xobeh
Okawaru
Ru
Sif Muna
Trog
Uskayaw
Vehumet
Yredelemnul
The Shining One

Annotations:
D:5 3 runed translucent doors, qw's ghost, novice GrHu


Message History

You shoot an arrow. The arrow hits the ice beast.
The ice beast is moderately wounded.
The ice beast hits you but does no damage.
The jelly completely misses you.
You shoot an arrow. The arrow hits the ice beast.
The ice beast is moderately wounded.
The ice beast hits you. The ice beast freezes you!
The jelly hits you but does no damage.
You shoot an arrow.
The arrow hits the ice beast but does no damage.
The ice beast is moderately wounded.
The ice beast hits you. The ice beast freezes you!
The jelly hits you but does no damage.
You shoot an arrow. The arrow hits the ice beast.
The ice beast is moderately wounded.
The ice beast hits you but does no damage.
The jelly barely misses you.
You shoot an arrow. The arrow hits the ice beast.
The ice beast is heavily wounded.
The ice beast closely misses you. The jelly hits you but does no damage.
You shoot an arrow. The arrow barely misses the ice beast.
The ice beast hits you but does no damage.
The jelly hits you but does no damage.
You shoot an arrow. The arrow closely misses the ice beast.
The ice beast hits you but does no damage.
The jelly hits you but does no damage.
You shoot an arrow.
The arrow hits the ice beast but does no damage.
The ice beast is heavily wounded.
The ice beast hits you but does no damage.
The jelly hits you. The acid corrodes you!
You are splashed with acid!
The jelly hits you but does no damage.
The ice beast hits you but does no damage.
You shoot an arrow.
The arrow hits the ice beast but does no damage.
The ice beast is heavily wounded.
The ice beast barely misses you. The jelly closely misses you.
You shoot an arrow. The arrow barely misses the ice beast.
The ice beast misses you. The jelly hits you.
You are splashed with acid.
You die...

### ..# #.# #.# #.# #.#
. ##.###### .. #.......#
...###@.####.#
O.....JY.####.#
....<:.....##.##########
...........##..........#
........#..##.###.####.#
.#..##........# #+# #..
#.. ########## #.# ##.
#. #.# #. ##.## #.


You could see an ice beast, an ogre (wandering) and a jelly.

Vanquished Creatures
  A phantom (D:4)
  A hound (D:5)
  3 orc priests
  2 iguanas
  A jelly (D:4)
  2 orc wizards (D:4)
  9 adders
  2 river rats (D:4)
  A worm (D:3)
  10 orcs
  7 endoplasms
  4 giant cockroaches
  13 hobgoblins
  3 jackals
  5 quokkas
  3 ball pythons
  5 bats
  8 goblins
  3 kobolds
  3 rats
86 creatures vanquished.

Notes
Turn   | Place    | Note
-------+----------+-------------------------------------------
     0 | D:1      | qw the Naga Hunter began the quest for the Orb.
     0 | D:1      | Reached XP level 1. HP: 19/19 MP: 1/1
     0 | D:1      | 0 ||| qw: Version: 0.2-a-29-g1fa15c8
     0 | D:1      | 0 ||| qw: Game counter: 5132
     0 | D:1      | 0 ||| qw: Always use a shield: true
     0 | D:1      | 0 ||| qw: God list: Okawaru
     0 | D:1      | 0 ||| qw: Allow faded altars: false
     0 | D:1      | 0 ||| qw: Do Orc after D:15 true
     0 | D:1      | 0 ||| qw: Do second Lair branch before Depths: true
     0 | D:1      | 0 ||| qw: Lair rune preference: random
     0 | D:1      | 0 ||| qw: Plans: Normal
     0 | D:1      | 0 ||| PLANNING D:1-11
    89 | D:1      | 89 ||| INVOKING Spit Poison.
   127 | D:1      | 127 ||| INVOKING Spit Poison.
   140 | D:1      | 140 ||| INVOKING Spit Poison.
   154 | D:1      | Reached skill level 4 in Ranged Weapons
   154 | D:1      | Reached XP level 2. HP: 26/26 MP: 2/2
   192 | D:1      | 192 ||| INVOKING Spit Poison.
   198 | D:1      | 198 ||| INVOKING Spit Poison.
   201 | D:1      | 201 ||| INVOKING Spit Poison.
   206 | D:1      | 206 ||| INVOKING Spit Poison.
   332 | D:1      | 332 ||| INVOKING Spit Poison.
   345 | D:1      | 345 ||| INVOKING Spit Poison.
   539 | D:1      | 539 ||| INVOKING Spit Poison.
   650 | D:1      | 650 ||| UPGRADING to +0 barding of cold resistance.
   655 | D:1      | 655 ||| UPGRADING to +6 ring of strength.
   656 | D:1      | 656 ||| READING scroll labelled OFO CAEZEOTI.
   657 | D:1      | 657 ||| READING scroll labelled PANAYF OD GUL.
   658 | D:1      | 658 ||| READING scroll labelled KIONAGG GANING.
   659 | D:1      | 659 ||| DROPPING scroll of butterflies.
   699 | D:2      | 699 ||| INVOKING Spit Poison.
   701 | D:2      | Reached XP level 3. HP: 32/32 MP: 3/3
   778 | D:2      | 778 ||| INVOKING Spit Poison.
   783 | D:2      | 783 ||| INVOKING Spit Poison.
   824 | D:2      | 824 ||| INVOKING Spit Poison.
   829 | D:2      | 829 ||| INVOKING Spit Poison.
   833 | D:2      | 833 ||| INVOKING Spit Poison.
   851 | D:2      | 851 ||| INVOKING Spit Poison.
   863 | D:2      | 863 ||| INVOKING Spit Poison.
   879 | D:2      | 879 ||| INVOKING Spit Poison.
   892 | D:2      | 892 ||| INVOKING Spit Poison.
   896 | D:2      | 896 ||| INVOKING Spit Poison.
   903 | D:2      | 903 ||| INVOKING Spit Poison.
   917 | D:2      | 917 ||| INVOKING Spit Poison.
  1125 | D:2      | 1125 ||| INVOKING Spit Poison.
  1190 | D:2      | 1190 ||| READING scroll labelled MESEAR ROSCH.
  1208 | D:3      | 1208 ||| INVOKING Spit Poison.
  1213 | D:3      | 1213 ||| INVOKING Spit Poison.
  1217 | D:3      | 1217 ||| STAIRDANCE
  1219 | D:2      | 1219 ||| INVOKING Spit Poison.
  1222 | D:2      | Reached skill level 5 in Ranged Weapons
  1222 | D:2      | Reached XP level 4. HP: 30/39 MP: 4/4
  1257 | D:3      | 1257 ||| INVOKING Spit Poison.
  1283 | D:3      | 1283 ||| INVOKING Spit Poison.
  1394 | D:3      | 1394 ||| INVOKING Spit Poison.
  1400 | D:3      | 1400 ||| INVOKING Spit Poison.
  1405 | D:3      | 1405 ||| INVOKING Spit Poison.
  1597 | D:3      | Identified the ring "Nerphetz" {Fire Contam *Slow Fly
                  | Will+++}
  1651 | D:3      | 1651 ||| INVOKING Spit Poison.
  1654 | D:3      | 1654 ||| INVOKING Spit Poison.
  1706 | D:3      | 1706 ||| INVOKING Spit Poison.
  1708 | D:3      | Reached skill level 3 in Fighting
  1712 | D:3      | 1712 ||| INVOKING Spit Poison.
  1717 | D:3      | Reached XP level 5. HP: 49/49 MP: 5/5
  1722 | D:3      | 1722 ||| INVOKING Spit Poison.
  1846 | D:3      | 1846 ||| INVOKING Spit Poison.
  1877 | D:3      | 1877 ||| INVOKING Spit Poison.
  1880 | D:3      | Reached skill level 1 in Armour
  2089 | D:3      | 2089 ||| UPGRADING to +2 helmet of see invisible.
  2094 | D:3      | 2094 ||| UPGRADING to ring of positive energy.
  2095 | D:3      | 2095 ||| UPGRADING to ring "Nerphetz" {Fire Contam *Slow
                  | Fly Will+++}.
  2097 | D:3      | 2097 ||| UPGRADING to +6 ring of strength.
  2099 | D:3      | 2099 ||| READING scroll labelled WIGEUNIOCHE.
  2100 | D:3      | 2100 ||| READING scroll labelled QALADD LIWNAO.
  2101 | D:3      | 2101 ||| READING scroll labelled LOFYUREUBB.
  2102 | D:3      | 2102 ||| READING scroll labelled VICKICRESI.
  2114 | D:4      | 2114 ||| PLANNING SEWER
  2140 | D:4      | 2140 ||| INVOKING Spit Poison.
  2146 | D:4      | 2146 ||| INVOKING Spit Poison.
  2249 | D:4      | 2249 ||| INVOKING Spit Poison.
  2250 | D:4      | 2250 ||| Stepping ~*~*~tactically~*~*~ (outnumbered).
  2252 | D:4      | 2252 ||| INVOKING Spit Poison.
  2255 | D:4      | 2255 ||| INVOKING Spit Poison.
  2256 | D:4      | 2256 ||| Stepping ~*~*~tactically~*~*~ (outnumbered).
  2259 | D:4      | Reached XP level 6. HP: 45/56 MP: 6/6
  2259 | D:4      | 2259 ||| INVOKING Spit Poison.
  2264 | D:4      | 2264 ||| INVOKING Spit Poison.
  2269 | D:4      | 2269 ||| INVOKING Spit Poison.
  2275 | D:4      | 2275 ||| INVOKING Spit Poison.
  2278 | D:4      | 2278 ||| INVOKING Spit Poison.
  2423 | D:4      | 2423 ||| INVOKING Spit Poison.
  2437 | D:4      | Reached skill level 6 in Ranged Weapons
  2457 | D:4      | 2457 ||| INVOKING Spit Poison.
  2463 | D:4      | 2463 ||| INVOKING Spit Poison.
  2466 | D:4      | 2466 ||| INVOKING Spit Poison.
  2586 | D:4      | 2586 ||| INVOKING Spit Poison.
  2593 | D:4      | 2593 ||| INVOKING Spit Poison.
  2618 | D:4      | 2618 ||| INVOKING Spit Poison.
  2628 | D:4      | 2628 ||| INVOKING Spit Poison.
  2663 | D:4      | 2663 ||| INVOKING Spit Poison.
  2666 | D:4      | 2666 ||| INVOKING Spit Poison.
  2669 | D:4      | 2669 ||| INVOKING Spit Poison.
  2778 | D:4      | 2778 ||| RIP SEWER
  2786 | D:4      | 2786 ||| PLANNING D:1-11
  2786 | D:4      | 2786 ||| INVOKING Spit Poison.
  3012 | D:4      | 3012 ||| INVOKING Spit Poison.
  3018 | D:4      | Reached XP level 7. HP: 62/63 MP: 7/7
  3028 | D:4      | Found a staircase to the Ecumenical Temple.
  3029 | D:4      | 3029 ||| PLANNING TEMPLE
  3029 | D:4      | 3029 ||| READING scroll labelled XYPI UPTYORIA.
  3034 | D:4      | 3034 ||| DRINKING 2 bubbling coppery potions.
  3035 | D:4      | 3035 ||| DRINKING 3 viscous golden potions.
  3069 | D:4      | 3069 ||| READING 2 scrolls of identify.
  3069 | D:4      | 3069 ||| IDENTIFYING blue potion
  3070 | D:4      | 3070 ||| DROPPING 2 potions of lignification.
  3128 | Temple   | Entered the Ecumenical Temple
  3249 | Temple   | 3249 ||| PLANNING OKAWARU WORSHIP
  3256 | Temple   | Became a worshipper of Warmaster Okawaru
  3257 | Temple   | 3257 ||| PLANNING D:1-11
  3448 | D:5      | Entered Level 5 of the Dungeon
  3456 | D:5      | 3456 ||| INVOKING Spit Poison.
  3459 | D:5      | 3459 ||| INVOKING Spit Poison.
  3466 | D:5      | 3466 ||| INVOKING Spit Poison.
  3469 | D:5      | 3469 ||| INVOKING Spit Poison.
  3546 | D:5      | Found a runed translucent gate.
  3546 | D:5      | Found a runed translucent gate.
  3546 | D:5      | Found a runed translucent gate.
  3548 | D:5      | Noticed qw's ghost (novice GrHu)
  3586 | D:5      | 3586 ||| INVOKING Spit Poison.
  3591 | D:5      | 3591 ||| INVOKING Spit Poison.
  3595 | D:5      | 3595 ||| INVOKING Spit Poison.
  3755 | D:5      | 3755 ||| INVOKING Spit Poison.
  3758 | D:5      | 3758 ||| INVOKING Spit Poison.
  3763 | D:5      | 3763 ||| INVOKING Spit Poison.
  3772 | D:5      | HP: 15/64 [ice beast (12)]
  3777 | D:5      | HP: 16/64 [jelly (1)]
  3777 | D:5      | HP: 5/64 [acid (11)]
  3779 | D:5      | Splashed by a jelly's acid

Levels and vault maps discovered:
D:1:      dpeg_arrival_arbitrary_c, layout_loops_ring, reono_crystal_passage,
          hangedman_abyss_or_decor_lesser_grid
D:2:      layout_basic
D:3:      layout_basic, chequers_serial_rivers_room_b
D:4:      layout_gridville, temple_green, gup_sewer_entry_bowl
D:5:      corexii_shantytown, layout_loops_ring, gammafunk_ghost_necromancy,
          dilly_guarded_unrand_throatcut
Temple:   minmay_crystal_spiral_temple

Skill      XL: |  1  2  3  4  5  6  7 |
---------------+----------------------+-----
Ranged Weapons | 4 5 6 |  6.6
Fighting       | 3 4 |  4.0
Armour         | 1 |  1.0
Dodging        | 2 |  2.0
Stealth        | |  1.5

Action                     |  1- 3 |  4- 6 |  7- 9 || total
---------------------------+-------+-------+-------++-------
   Fire: Shortbow          |    75 |   121 |    49 ||   245
Ability: Spit Poison       |    26 |    35 |    10 ||    71
    Use: Scroll            |     4 |     4 |     2 ||    10
         Potion            |       |       |     2 ||     2
 Armour: Leather armour    |    35 |    52 |    29 ||   116
  Dodge: Dodged            |    23 |    37 |    28 ||    88

Table legend:
 A = Non-vault XP
 B = Vault XP
 C = Vault XP percentage of total XP
 D = Non-vault monster count
 E = Vault monster count
 F = Vault count percentage of total count
                 A         B        C        D         E       F
            +---------+---------+-------+---------+---------+-------
      Total |     700 |      30 |   4.1 |      82 |       4 |   4.7
            +---------+---------+-------+---------+---------+-------
        D:1 |      21 |       0 |   0.0 |      13 |       0 |   0.0
        D:2 |      58 |       0 |   0.0 |      20 |       0 |   0.0
        D:3 |     111 |       0 |   0.0 |      18 |       0 |   0.0
        D:4 |     398 |      30 |   7.0 |      24 |       4 |  14.3
        D:5 |     112 |       0 |   0.0 |       7 |       0 |   0.0
            +---------+---------+-------+---------+---------+-------
